 Dungeon Crawl Stone Soup version 0.22.1-6-g1668fe2 (webtiles) character file.

164 Kairos the Shield-Bearer (level 5, -3/28 HPs)
             Began as a Vine Stalker Fighter on Jan 23, 2019.
             Slain by Grinder (4 damage)
             ... on level 3 of the Dungeon.
             The game lasted 00:03:27 (2075 turns).

Kairos the Shield-Bearer (Vine Stalker Fighter)     Turns: 2075, Time: 00:03:28

Health: -3/28      AC:  9    Str: 19    XL:     5   Next: 45%
Magic:  0/6        EV:  8    Int:  8    God:
Gold:   101        SH: 12    Dex: 14    Spells: 4/4 levels left

rFire    + . .     SeeInvis .   a - +0 war axe
rCold    . . .     Gourm    .   c - +0 shield
rNeg     . . .     Faith    .   o - +1 ring mail {rF+}
rPois    .         Spirit   +   (no helmet)
rElec    .         Reflect  +   j - +2 cloak
rCorr    .         Harm     .   (no gloves)
MR       .....                  (no boots)
Stlth    +.........             m - +3 amulet of reflection
HPRegen  0.49/turn              (no ring)
MPRegen  0.10/turn              (no ring)

@: no status effects
A: fangs 2, regeneration 1, magic shield, antimagic bite, no potion heal 3, rot
immunity
a: no special abilities


You were on level 3 of the Dungeon.
You were hungry.

You visited 1 branch of the dungeon, and saw 3 of its levels.

You collected 101 gold pieces.

Inventory:

Hand Weapons
 a - a +0 war axe (weapon)
Armour
 b - a +0 scale mail
 c - a +0 shield (worn)
 j - a +2 cloak (worn)
 o - a +1 ring mail of fire resistance (worn)
Jewellery
 m - a +3 amulet of reflection (around neck)
Scrolls
 e - a scroll of blinking
 g - a scroll of magic mapping
 k - 2 scrolls of remove curse
 n - a scroll of random uselessness {unknown}
Potions
 d - a potion of might
 h - a potion of flight {unknown}
 l - 4 potions of lignification {unknown}
Comestibles
 f - 4 rations


   Skills:
 + Level 3.1 Fighting
 + Level 3.3 Axes
 + Level 3.0 Armour
 + Level 0.5 Dodging
 + Level 3.5 Shields


You had 4 spell levels left.
You didn't know any spells.
Your spell library was empty.

Dungeon Overview and Level Annotations

Branches:
Dungeon (3/15)

Altars:
Kikubaaqudgha
Makhleb

Annotations:
D:3 Grinder


Innate Abilities, Weirdness & Mutations

You have extremely sharp teeth.
Your natural rate of healing is unusually fast.
When hurt, damage is shared between your health and your magic reserves.
Your bite disrupts and absorbs the magic of your enemies.
Potions cannot restore your health.
You are immune to rotting.


Message History

Grinder falters for a moment.
The hobgoblin throws a stone.
The stone barely misses you.
The stone hits Grinder.
Grinder barely misses you.
You barely miss Grinder. Your bite misses Grinder.
Grinder is moderately wounded.
The hobgoblin throws a stone.
You reflect the stone off an invisible shield around you!
The stone hits the hobgoblin.
Grinder hits you.
* * * LOW HITPOINT WARNING * * *
You writhe in agony.
* * * LOW HITPOINT WARNING * * *
You closely miss Grinder. You bite Grinder, but do no damage.
Grinder is moderately wounded.
You block Grinder's attack. Grinder hits you but does no damage.
You closely miss Grinder.
Grinder is moderately wounded.
You hit the hobgoblin but do no damage. You block the hobgoblin's attack.
Grinder hits you!
* * * LOW HITPOINT WARNING * * *
You writhe in agony.
You die...

#.....######
###........(.#
.........#....
#..†....#.####
#...)..###...# .
#(####..#.##.# .##.#
#.#.###.# .##.#
#.#.###.####!#
.##.####.#.....5@g.?#
.#.......#..#.......#
.#.#####.#.###..###(#
...# #..## ##.# #
...# #.# ##. .#.# # #
.#.# ##.. ###.


You could see Grinder and a hobgoblin.

Vanquished Creatures
  An orc wizard (D:2)
  Terence (D:3)
  3 adders
  A shadow imp (D:3)
  2 worms
  4 dart slugs
  3 leopard geckos
  2 orcs (D:2)
  11 bats
  4 giant cockroaches
  6 goblins
  3 hobgoblins (D:2)
  7 jackals
  3 kobolds (D:1)
  3 frilled lizards
  3 rats
57 creatures vanquished.

Notes
Turn   | Place    | Note
-------+----------+-------------------------------------------
     0 | D:1      | Kairos the Vine Stalker Fighter began the quest for the
                  | Orb.
     0 | D:1      | Reached XP level 1. HP: 11/11 MP: 2/2
   101 | D:1      | Reached XP level 2. HP: 14/16 MP: 3/3
   728 | D:1      | Reached XP level 3. HP: 20/20 MP: 4/4
   936 | D:2      | Found an ancient bone altar of Kikubaaqudgha.
  1094 | D:2      | Gained mutation: Your natural rate of healing is unusually
                  | fast. [Vine Stalker growth]
  1094 | D:2      | Reached XP level 4. HP: 24/24 MP: 5/5
  1230 | D:2      | Found a burning altar of Makhleb.
  1230 | D:2      | Noticed a green death
  1233 | D:2      | Noticed a hellwing
  1233 | D:2      | Noticed a smoke demon
  1388 | D:2      | Noticed an orc warrior
  2004 | D:3      | Noticed Terence
  2012 | D:3      | Killed Terence
  2012 | D:3      | Reached XP level 5. HP: 28/28 MP: 6/6
  2063 | D:3      | Noticed Grinder
  2075 | D:3      | HP: 1/28 [Grinder (5)]
  2075 | D:3      | Slain by Grinder

Skill      XL: |  1  2  3  4 |
---------------+-------------+-----
Fighting       | 3 |  3.1
Axes           | 2 3 |  3.3
Shields        | 3 |  3.5
Armour         | 3 |  3.0
Dodging        | |  0.5

Action                   |  1- 3 |  4- 6 || total
-------------------------+-------+-------++-------
Melee: War axe           |   102 |    55 ||   157
       Bite              |    20 |    16 ||    36
  Use: Scroll            |       |     3 ||     3
  Eat: Chunk             |       |     3 ||     3
Armor: Scale mail        |    54 |    18 ||    72
       Ring mail         |       |    20 ||    20
Dodge: Dodged            |    29 |    26 ||    55
Block: Shield            |    83 |    59 ||   142
       Reflection        |       |     6 ||     6
